 Dungeon Crawl Stone Soup version 0.27.0-1-g7a089689b8 (webtiles) character file.

Game seed: 5113903344738630988

10231 smajdalf the Zephyrmancer (level 11, -2/64 HPs)
             Began as a Tengu Air Elementalist on Aug 2, 2021.
             Was a Believer of Vehumet.
             Slain by a thrashing horror (15 damage)
             ... on level 2 of the Abyss.
             The game lasted 00:48:09 (16578 turns).

smajdalf the Zephyrmancer (Tengu Air Elementalist) Turns: 16578, Time: 00:48:10

Health: -2/64      AC:  4    Str:  8    XL:     11   Next: 58%
Magic:  18/19      EV: 19    Int: 19    God:    Vehumet [**....]
Gold:   615        SH:  5    Dex: 15    Spells: 9/20 levels left

rFire    . . .     SeeInvis .   q - +4 falchion of Sissos {protect, rElec Stlth+}
rCold    . . .     Faith    .   (no shield)
rNeg     . . .     Spirit   .   v - +1 robe {Will+}
rPois    .         Reflect  +   (helmet restricted)
rElec    +         Harm     .   o - +0 cloak
rCorr    .         Rampage  .   (no gloves)
Will     +....                  (boots unavailable)
Stlth    +++.......             p - amulet of reflection
HPRegen  0.20/turn              (no ring)
MPRegen  0.16/turn              (no ring)

@: about to teleport, flying quickly and evasively, studying Fighting, quick
A: beak, talons 3, nimble flight
a: Renounce Religion


You were on level 2 of the Abyss.
You worshipped Vehumet.
Vehumet was pleased with you.
You visited 2 branches of the dungeon, and saw 11 of its levels.
You visited the Abyss 1 time.

You collected 615 gold pieces.

Inventory:

Hand Weapons
 n - a +3 quarterstaff of chaos
 q - the +4 falchion of Sissos (weapon) {protect, rElec Stlth+}
   (You found it on level 7 of the Dungeon)

   It grants its wielder temporary protection when it strikes (+7 to AC).
   rElec:     It insulates you from electricity.
   Stlth:     It makes you more stealthy.
 u - a +1 whip of electrocution
 w - a +1 dagger of venom
 z - a +0 quarterstaff
 G - the +6 whip "Suileor" {pain, +Blink rF- Will++ Str+8}
   (You found it on level 7 of the Dungeon)

   In the hands of one skilled in necromantic magic, it inflicts extra damage on
   living creatures.
   Str:       It affects your strength (+8).
   rF:        It makes you vulnerable to fire.
   +Blink:    It lets you blink.
   Will:      It greatly increases your willpower.
Missiles
 c - 77 poisoned darts (quivered)
 D - 8 curare-tipped darts
Armour
 o - a +0 cloak (worn)
 v - a +1 robe of willpower (worn)
Jewellery
 p - an amulet of reflection (around neck)
Wands
 d - a wand of flame (11)
 f - a wand of polymorph (9)
Scrolls
 b - 5 scrolls of magic mapping
 k - a scroll of fear
 y - 2 scrolls of noise
 C - a scroll of immolation {unknown}
 E - a scroll of amnesia {unknown}
 J - a scroll of enchant weapon {unknown}
Potions
 h - 2 potions of mutation {unknown}
 j - a potion of magic
 l - a potion of invisibility
 m - 4 potions of berserk rage
 r - 2 potions of brilliance {unknown}
 t - 2 potions of lignification
 A - 2 potions of haste
 B - a potion of resistance {unknown}
 I - 2 potions of curing
 K - a potion of flight {unknown}


   Skills:
 - Level 6.0 Fighting
 - Level 7.0 Throwing
 + Level 8.1 Dodging
 - Level 2.0 Stealth
 - Level 5.0 Spellcasting
 - Level 7.0 Conjurations
 - Level 3.0 Necromancy
 - Level 12.0 Air Magic
 - Level 5.0 Poison Magic
 - Level 6.0 Evocations


You had 9 spell levels left.
You knew the following spells:

 Your Spells              Type           Power      Damage    Failure   Level
a - Shock                 Conj/Air       100%       1d9       1%          1
b - Airstrike             Air            25%        N/A       1%          4
f - Poisonous Vapours     Pois/Air       74%        N/A       1%          2
k - Animate Skeleton      Necr           32%        N/A       3%          1
o - Swiftness             Air            50%        N/A       1%          3

Your spell library contained the following spells:

 Spells                   Type           Power      Damage    Failure   Level
 Foxfire                  Conj/Fire      72%        2x1d7     3%          1
 Magic Dart               Conj           100%       1d8       1%          1
 Corpse Rot               Necr/Air       N/A        N/A       1%          2
 Static Discharge         Conj/Air       40%        N/A       1%          2
 Mephitic Cloud           Conj/Pois/Air  35%        N/A       1%          3
 Dazzling Flash           Conj/Hex       36%        N/A       9%          3
 Apportation              Tloc           8%         N/A       12%         1
 Corona                   Hex            4%         N/A       12%         1
 Freeze                   Ice            16%        1d4       12%         1
 Summon Small Mammal      Summ           16%        N/A       12%         1
 Call Imp                 Summ           4%         N/A       19%         2
 Freezing Cloud           Conj/Ice/Air   14%        6-21      26%         5
 Hailstorm                Conj/Ice       18%        3d6       28%         4
 Iskenderun's Mystic Bla  Conj/Tloc      18%        2d6       28%         4
 Silence                  Hex/Air        13%        N/A       28%         5
 Dispel Undead            Necr           16%        3d10      34%         4
 Call Canine Familiar     Summ           4%         N/A       36%         3
 Frozen Ramparts          Ice            8%         1d2       36%         3
 Portal Projectile        Hex/Tloc       8%         N/A       36%         3
 Leda's Liquefaction      Hex/Erth       2%         N/A       77%         4
 Passage of Golubria      Tloc           N/A        N/A       77%         4
 Death Channel            Necr           8%         N/A       99%         6
 Starburst                Conj/Fire      9%         8x6d5     99%         6
 Lehudib's Crystal Spear  Conj/Erth      9%         10d4      100%        8


Dungeon Overview and Level Annotations

Branches:
Dungeon (10/15)            Temple (1/1) D:7
   Lair: D:8-11         Orc: D:9-12

Altars:
Ashenzari
Cheibriados
Dithmenos
Elyvilon
Gozag
Hepliaklqana
Kikubaaqudgha
Makhleb
Nemelex Xobeh
Okawaru
Qazlal
Ru
Sif Muna
Trog
Uskayaw
Vehumet
Wu Jian
Xom
Yredelemnul
Zin
The Shining One

Shops:
D:1 *

Annotations:
D:1 shop: wand, potion, scroll


Innate Abilities, Weirdness & Mutations

You have a beak for a mouth.
You have claws for feet.
Your magical nature lets you fly swiftly and evasively.


Message History

What are your orders? t - Shout!
Orders for allies: a - Attack new target. r - Retreat! s - Stop attacking. g - Guard the area. f - Follow me.
Anything else - Cancel.
Okay, then.
As you read the scroll labelled NAMOIQ BEGH, it crumbles to dust.
You hear a loud clanging noise!
It was a scroll of noise.
The cyan very ugly thing gurgles horribly!
The cyan ugly thing gurgles horribly!
You hear a chilling moan.
You hear a roar!
You hear a chilling moan.
The thrashing horror tramples you!
* * * LOW HITPOINT WARNING * * *
You are shoved backwards!
The thrashing horror completely misses you.
The thrashing horror tramples you.
* * * LOW HITPOINT WARNING * * *
You are shoved backwards!
Unknown command.
Blink to where?
Press: ? - help, Dir - move target
As you read the scroll of blinking, it crumbles to dust.
You feel much better.
As you read the scroll labelled MOGHAA FYABIRU, it crumbles to dust.
You assume a fearsome visage.
The thrashing horror is unaffected.
It was a scroll of fear.
As you read the scroll labelled UDYBAH BARA, it crumbles to dust.
Your body is wracked with pain!
* * * LOW HITPOINT WARNING * * *
It was a scroll of torment.
The thrashing horror closely misses you.
The thrashing horror completely misses you.
Unknown command.
As you read the scroll labelled LECYOCLEELY, it crumbles to dust.
You feel strangely unstable.
You feel the power of the Abyss delaying your translocation!
It was a scroll of teleportation.
The thrashing horror tramples you!
You die...

### #@# .#.
#..X# ...
......XX.#.
.......##..###
##.#.##.#.....#
#.......##.5..#
#..
...#.....#.≈≈
##.
..#.......≈≈≈.
#.#..#.....≈♣≈..


You could see 3 thrashing horrors and an ufetubus.

Vanquished Creatures
  Harold (D:7)
  2 two-headed ogres (D:9)
  An orc knight (D:10)
  Pikel (D:4)
  An unseen horror (D:10)
  A kobold demonologist (D:8)
  2 hornets
  The ghost of DildoBatman the Conjurer, an amateur FoCj (D:5)
  A meliai zombie (D:10)
  2 yaks (D:10)
  A wraith (D:9)
  2 steam dragons
  A vampire mosquito (D:9)
  A basilisk (D:10)
  An acid dragon (D:9)
  A water moccasin (D:6)
  5 black bears
  2 ice beasts
  2 sky beasts
  5 orc warriors
  3 necrophages
  An ogre (D:5)
  A phantom (D:7)
  3 lemures (D:4)
  4 centaurs
  A kobold brigand (D:9)
  2 scorpions
  3 bullfrogs
  2 water moccasin zombies
  A wyvern skeleton (D:7)
  12 killer bees (D:10)
  5 wights
  5 howler monkeys
  2 lava snakes (D:8)
  A bullfrog zombie (D:6)
  3 centaur zombies
  2 centaur skeletons
  A jelly (D:7)
  3 hounds
  6 orc priests
  Crazy Yiuf (D:2)
  A bullfrog skeleton (D:7)
  3 iguanas
  9 orc wizards
  Natasha (thrice) (D:2)
  A killer bee zombie (D:7)
  A mummy (D:8)
  5 howler monkey zombies
  6 adders
  A shadow imp (D:6)
  3 white imps
  An adder zombie (D:5)
  An adder skeleton (D:4)
  2 dart slugs
  40 orcs
  2 bats
  An endoplasm (D:1)
  2 giant cockroaches (D:4)
  7 goblins
  12 hobgoblins
  13 jackals
  4 quokkas
  6 ball pythons
  10 frilled lizards
  2 hobgoblin zombies (D:8)
  9 kobolds
  2 orc zombies (D:8)
  5 rats (D:1)
248 creatures vanquished.

Vanquished Creatures (others)
  8 plants (D:10)
8 creatures vanquished.

Grand Total: 256 creatures vanquished

Notes
Turn   | Place    | Note
-------+----------+-------------------------------------------
     0 | D:1      | smajdalf the Tengu Air Elementalist began the quest for the
                  | Orb.
     0 | D:1      | Reached XP level 1. HP: 10/10 MP: 4/4
   254 | D:1      | Reached XP level 2. HP: 14/15 MP: 1/6
   422 | D:1      | Reached skill level 5 in Air Magic
   645 | D:1      | Found a faded altar of an unknown god.
   921 | D:1      | Found Gaesoogi's Assorted Antiques.
  1214 | D:1      | Reached XP level 3. HP: 16/19 MP: 4/7
  1221 | D:1      | Learned a level 3 spell: Swiftness
  1740 | D:2      | Reached skill level 6 in Air Magic
  1839 | D:2      | Reached XP level 4. HP: 14/24 MP: 3/8
  2489 | D:2      | Noticed Natasha
  2498 | D:2      | Killed Natasha
  2499 | D:2      | Reached skill level 7 in Air Magic
  2791 | D:2      | Found a runed translucent door.
  2792 | D:2      | Noticed Crazy Yiuf
  3021 | D:2      | Noticed Natasha
  3412 | D:2      | Killed Natasha
  3413 | D:2      | Gained mutation: Your magical nature lets you fly swiftly
                  | and evasively. [Tengu growth]
  3413 | D:2      | Reached XP level 5. HP: 9/28 MP: 2/9
  3660 | D:2      | Learned a level 4 spell: Airstrike
  3768 | D:2      | Noticed Natasha
  3777 | D:2      | Killed Natasha
  4128 | D:2      | Killed Crazy Yiuf
  4547 | D:3      | Reached skill level 5 in Conjurations
  4547 | D:3      | Reached XP level 6. HP: 32/32 MP: 7/10
  4672 | D:3      | Noticed an ice beast
  4678 | D:3      | Killed an ice beast
  5016 | D:3      | Found a stormy altar of Qazlal.
  5352 | D:4      | Noticed Pikel
  5366 | D:4      | Reached XP level 7. HP: 36/36 MP: 3/11
  5568 | D:4      | Killed Pikel
  5569 | D:4      | Reached XP level 8. HP: 23/41 MP: 1/12
  6488 | D:4      | Learned a level 1 spell: Animate Skeleton
  6524 | D:5      | Entered Level 5 of the Dungeon
  6533 | D:5      | Reached skill level 8 in Air Magic
  6797 | D:5      | Learned a level 2 spell: Poisonous Vapours
  7125 | D:5      | Reached skill level 1 in Necromancy
  7125 | D:5      | Reached XP level 9. HP: 45/45 MP: 9/16
  7232 | D:5      | Found a runed translucent door.
  7233 | D:5      | Noticed DildoBatman's ghost (amateur FoCj)
  7392 | D:5      | Killed DildoBatman's ghost
  7669 | D:6      | Reached skill level 5 in Spellcasting
  7840 | D:6      | Reached skill level 1 in Evocations
  9101 | D:7      | Found a shimmering altar of Xom.
  9563 | D:7      | Found a staircase to the Ecumenical Temple.
  9960 | D:7      | Noticed Harold
  9993 | D:7      | Reached skill level 5 in Evocations
  9997 | D:7      | HP: 2/45 [Harold (12)]
 10001 | D:7      | Killed Harold
 10002 | D:7      | Reached XP level 10. HP: 9/50 MP: 0/18
 10643 | D:7      | Reached skill level 9 in Air Magic
 10853 | D:7      | Reached skill level 5 in Poison Magic
 10919 | D:7      | Reached skill level 1 in Fighting
 11195 | D:7      | Identified the +4 falchion of Sissos {protect, rElec
                  | Stlth+}
 11509 | D:7      | Identified the +6 whip "Suileor" {pain, +Blink rF- Will++
                  | Str+8}
 11578 | Temple   | Entered the Ecumenical Temple
 11810 | Temple   | Became a worshipper of Vehumet
 12285 | D:8      | Found a sacrificial altar of Ru.
 12861 | D:8      | Reached skill level 5 in Dodging
 13041 | D:8      | Noticed a kobold demonologist
 13043 | D:8      | Noticed a soul eater
 13048 | D:8      | Killed a kobold demonologist
 13614 | D:9      | Noticed a two-headed ogre
 13661 | D:9      | Killed a two-headed ogre
 13683 | D:9      | Reached XP level 11. HP: 35/64 MP: 3/19
 13898 | D:9      | Noticed a two-headed ogre
 13921 | D:9      | Killed a two-headed ogre
 13922 | D:9      | Reached skill level 10 in Air Magic
 14761 | D:10     | Entered Level 10 of the Dungeon
 14919 | D:10     | Reached * piety under Vehumet
 14919 | D:10     | Offered knowledge of Sandblast by Vehumet.
 15004 | D:10     | Noticed a boulder beetle
 15217 | D:9      | Reached skill level 11 in Air Magic
 15503 | D:10     | Noticed an orc knight
 15506 | D:10     | Identified the +1 leather armour of the Armadillo {Stlth+}
 15548 | D:10     | Found a basalt altar of Yredelemnul.
 15549 | D:10     | Noticed a wizard
 15574 | D:10     | Killed an orc knight
 16045 | D:10     | Reached skill level 12 in Air Magic
 16097 | D:10     | HP: 3/64 [poisoned by a killer bee]
 16448 | D:10     | Offered knowledge of Foxfire by Vehumet.
 16452 | D:10     | Reached ** piety under Vehumet
 16472 | D:10     | Cast into level 2 of the Abyss (a wizard)
 16472 | Abyss:2  | Found a corrupted altar of Lugonu.
 16559 | Abyss:2  | Noticed a thrashing horror
 16559 | Abyss:2  | Noticed a thrashing horror
 16559 | Abyss:2  | Noticed a thrashing horror
 16561 | Abyss:2  | Noticed a thrashing horror
 16572 | Abyss:2  | Noticed a cyan very ugly thing
 16572 | Abyss:2  | Noticed a cyan ugly thing
 16573 | Abyss:2  | HP: 1/64 [thrashing horror (3)]
 16578 | Abyss:2  | Slain by a thrashing horror

Illustrated notes

Levels and vault maps discovered:
D:1:      sevenhm_arrival_forest_fort_large_4, layout_loops_cross,
          shapermc_ecumenical_altar_totnotflames, serial_shops, shop_fountains,
          minmay_bisected
D:2:      layout_loops_ring, uniq_crazy_yiuf_cottage, uniq_natasha
D:3:      layout_loops_ring, grunt_qazlal_sundering
D:4:      layout_basic, minmay_manual_mares, uniq_pikel
D:5:      layout_cave_pools, ebering_ghost_reflecting_pool
D:6:      layout_layer_cave
D:7:      minmay_s_stair_smasher, layout_loops_ring, xom_teletrap_fun,
          minmay_temple_entry_mini_moons, uniq_harold
D:8:      layout_loops_cross, mainiacjoe_overflow_alcove_4,
          kennysheep_pointless_box, chequers_serial_rivers_small_3,
          minmay_mini_ossuary
D:9:      layout_loops_cross
D:10:     hangedman_cross_cluster, layout_basic, lemuel_tele_altar, erik_orc_1,
          minmay_lizard_king
Temple:   hc_temple_tempest_star
Abyss:2:  base: D:6, base:
D:10

Skill      XL: |  1  2  3  4  5  6  7  8  9 10 11 |
---------------+----------------------------------+-----
Air Magic      | 5 6 7 8 9 12 | 12.0
Conjurations   | 3 5 7 |  7.0
Throwing       | 2 6 7 |  7.0
Spellcasting   | 4 5 |  5.0
Necromancy     | 1 3 |  3.0
Evocations     | 6 |  6.0
Poison Magic   | 4 5 |  5.0
Fighting       | 6 |  6.0
Dodging        | 6 8 |  8.1
Stealth        | |  2.0

Action                   |  1- 3 |  4- 6 |  7- 9 | 10-12 || total
-------------------------+-------+-------+-------+-------++-------
Melee: Kick              |     6 |     2 |    16 |    35 ||    59
       Peck              |     4 |     3 |    12 |    20 ||    39
       Unarmed           |     1 |       |       |       ||     1
       Dagger            |    32 |    19 |    70 |    31 ||   152
       Falchion          |       |       |       |   100 ||   100
Throw: Dart              |       |       |     5 |     8 ||    13
 Cast: Shock             |    31 |    83 |   122 |    34 ||   270
       Poisonous Vapours |       |       |    21 |   123 ||   144
       Animate Skeleton  |       |       |     1 |     1 ||     2
       Airstrike         |       |       |     5 |    52 ||    57
Evoke: Wand              |       |       |     3 |       ||     3
  Use: Potion            |       |     1 |     1 |     5 ||     7
       Scroll            |       |       |     2 |    11 ||    13
 Stab: Sleeping          |     7 |     5 |     2 |     3 ||    17
       Distracted        |       |       |       |     1 ||     1
Armor: Robe              |     9 |     3 |    28 |    66 ||   106
       Leather armour    |       |     6 |     1 |       ||     7
       Skin              |       |     2 |       |       ||     2
Dodge: Dodged            |    37 |    51 |   115 |   190 ||   393
Block: Other             |       |     6 |    36 |    66 ||   108
       Reflection        |       |       |     1 |     2 ||     3
       Rpst.: Falchion   |       |       |       |    33 ||    33
